 Dungeon Crawl Stone Soup version 0.30-a0-393-g54b8e3be05 (webtiles) character file.

Game seed: 14201519547482148523

44 PimpSugar the Magician (level 3, -5/27 HPs)
             Began as a Djinni Hedge Wizard on Dec 6, 2022.
             Slain by an iguana (13 damage)
             ... on level 4 of the Dungeon.
             The game lasted 00:04:19 (1774 turns).

PimpSugar the Magician (Djinni Hedge Wizard)        Turns: 1774, Time: 00:04:19

Health: -5/27      AC:  2    Str:  9    XL:     3   Next: 85%
Gold:   48         EV: 12    Int: 17    God:
                   SH:  0    Dex: 12

rFire   + + +      SeeInvis .    e - +1 flail (drain)
rCold   x x .      Faith    .    (no shield)
rNeg    . . .      Spirit   .    b - +0 robe
rPois   ∞          Reflect  .    c - +0 hat
rElec   .          Harm     .    (no cloak)
rCorr   +          Rampage  .    (no gloves)
Will    .....                    (boots unavailable)
Stlth   ++........               (no amulet)
HPRegen 0.24/turn                j - ring of resist corrosion
MPRegen 0.00/turn                m - ring of fire

@: flying
A: sickness immunity, fire resistance 2, cold vulnerability 1, float, innate
caster, HP casting, extra vitality 1
a: no special abilities


You were on level 4 of the Dungeon.
You visited 1 branch of the dungeon, and saw 3 of its levels.

You collected 48 gold pieces.

Inventory:

Hand Weapons
 a - a +0 dagger
 e - a +1 flail of draining (weapon)
Missiles
 d - 18 stones (quivered)
Armour
 b - a +0 robe (worn)
 c - a +0 hat (worn)
 l - a +0 cloak
Jewellery
 j - a ring of resist corrosion (left hand)
 m - a ring of fire (right hand)
Scrolls
 f - a scroll of identify {unknown}
 g - a scroll of magic mapping {unknown}
 h - a scroll of enchant armour {unknown}
 i - a scroll of teleportation {unknown}
 k - a scroll of noise {unknown}
 n - a scroll of blinking {unknown}
Potions
 o - a potion of flight {unknown}


   Skills:
 + Level 1.3 Fighting
 + Level 2.8 Dodging
 - Level 1.5 Stealth
 * Level 3.0 Spellcasting


You couldn't memorise any spells.
You knew the following spells:

 Your Spells              Type           Power      Damage    Failure   Level
a - Magic Dart            Conj           52%        1d5       4%          1
b - Call Imp              Summ           13%        N/A       8%          2
c - Cigotuvi's Dreadful   Necr/Pois/Air  26%        N/A       8%          2
d - Slow                  Hex            52%        N/A       4%          1
e - Blink                 Tloc           26%        N/A       8%          2
f - Freeze                Ice            52%        1d6       4%          1
g - Mephitic Cloud        Conj/Pois/Air  13%        N/A       16%         3
Your spell library was empty.

Dungeon Overview and Level Annotations

Branches:
Dungeon (4/15)             Temple (0/1) D:4

Altars:

Annotations:
D:4 1 runed translucent door, lokiplouj's ghost, novice MiFi


Innate Abilities, Weirdness & Mutations

You are immune to sickness and miasma.
You are immune to poison.
Your flesh is very heat resistant. (rF++)
You are vulnerable to cold. (rC-)
You float through the air rather than walking.
You learn spells naturally, not from books.
Your magical power is your life essence.
You have superior vitality. (+4 MHP)


Message History

An iguana comes into view.
The iguana hisses angrily.
Casting: Magic Dart (safe; 4% risk of failure)
Confirm with . or Enter, or press ? or * to list all spells.
Aiming: Magic Dart (safe; 4% risk of failure)
Press: ? - help, Shift-Dir - straight line, f - iguana
Aim: an iguana (100% to hit)
The magic dart hits the iguana but does no damage.
The iguana closely misses you.
There is an open door here.
Casting: Magic Dart (safe; 4% risk of failure)
Confirm with . or Enter, or press ? or * to list all spells.
Aiming: Magic Dart (safe; 4% risk of failure)
Press: ? - help, Shift-Dir - straight line, f/p - iguana
Aim: an iguana (100% to hit)
The magic dart hits the iguana but does no damage.
The iguana bites you. The iguana bites you.
You closely miss the iguana. The iguana bites you.
You closely miss the iguana.
The iguana bites you but does no damage.
The iguana bites you.
You hit the iguana but do no damage. The iguana barely misses you.
Casting: Magic Dart (safe; 4% risk of failure)
Confirm with . or Enter, or press ? or * to list all spells.
A shadowy apparition takes form in the air.
The iguana bites you.
* * * LOW HITPOINT WARNING * * *
The iguana completely misses you.
Your shadow imp gestures at the iguana.
The iguana writhes in agony!
There is an open door here.
The iguana attacks as you move away!
The iguana bites you but does no damage.
Your shadow imp gestures at the iguana.
The iguana writhes in agony.
You hit the iguana but do no damage.
The iguana is almost dead.
The iguana barely misses you. The iguana bites you!
You die...

#......# #. #......#
#. #......# #.
#......+ #. #......#
#. #......# #.
#......# #. #......#
#.
#...@..#############.
####l#........##.....
#..5+........#......
#...#........#...#..
#...#........+..)#..
#...#..........#.#.#
#...#...........###.
#...#........#...#..
#####.........#.....


You could see an iguana (ally target) and a friendly shadow imp (summoned).

Vanquished Creatures
  A gnoll (D:2)
  A worm (D:2)
  3 dart slugs
  4 endoplasms
  2 goblins (D:1)
  A hobgoblin (D:1)
  2 jackals (D:1)
  2 kobolds (D:1)
  2 quokkas (D:1)
  2 frilled lizards
  A rat (D:1)
21 creatures vanquished.

Vanquished Creatures (collateral kills)
  2 jackals (D:1)
2 creatures vanquished.

Vanquished Creatures (others)
  4 toadstools (D:1)
  2 withered plants (D:4)
6 creatures vanquished.

Grand Total: 29 creatures vanquished

Notes
Turn   | Place    | Note
-------+----------+-------------------------------------------
     0 | D:1      | PimpSugar the Djinni Hedge Wizard began the quest for the
                  | Orb.
     0 | D:1      | PimpSugar set off with the following spells memorised:
                  | Magic Dart, Slow, Blink, Call Imp, Cigotuvi's Dreadful Rot,
                  | Mephitic Cloud.
     0 | D:1      | Reached XP level 1. HP: 15/15 MP: 0/0
   208 | D:1      | Reached XP level 2. HP: 15/22 MP: 0/0
   670 | D:1      | Reached XP level 3. HP: 8/26 MP: 0/0
   670 | D:1      | Learned a level 1 spell: Freeze
   967 | D:1      | Reached skill level 1 in Fighting
  1482 | D:2      | Reached skill level 3 in Spellcasting
  1556 | D:2      | You are sucked into a shaft and drop 2 floors!
  1620 | D:4      | Found a staircase to the Ecumenical Temple.
  1628 | D:4      | Found a runed translucent door.
  1629 | D:4      | Noticed lokiplouj's ghost (novice MiFi)
  1774 | D:4      | Slain by an iguana

Illustrated notes

Levels and vault maps discovered:
D:1:      ldierk_water_garden, layout_basic, minmay_misc_feat_cross,
          minivault_11
D:2:      layout_basic
D:4:      layout_gridville, minmay_temple_entry_arrows, gammafunk_ghost_grave,
          portal_sewer_entry_b, hangedman_abyss_or_decor_stabs

Skill      XL: |  1  2  3 |
---------------+----------+-----
Fighting       | 1 |  1.3
Spellcasting   | 3 |  3.0
Dodging        | |  2.8
Stealth        | |  1.5

Action                   || total
-------------------------++-------
Melee: Dagger            ||    35
       Flail             ||     5
 Cast: Magic Dart        ||    35
       Call Imp          ||     5
       Freeze            ||     7
       Slow              ||     2
  Use: Scroll            ||     1
Armor: Robe              ||     8
Dodge: Dodged            ||    47

Table legend: (Time is in decaauts)
 A = Elapsed time spent in this place.
 B = Non-inter-level travel time spent in this place.
 C = Inter-level travel time spent in this place.
 D = Time resting spent in this place.
 E = Time spent auto-exploring this place.
 F = Levels seen in this place.
 G = Mean time per level.
                   A        B        C        D        E       F      G
               +--------+--------+--------+--------+--------+-----+--------+
         Total |   1773 |   1611 |    162 |     65 |   1218 |   3 |  591.0 |
       Dungeon |   1773 |   1611 |    162 |     65 |   1218 |   3 |  591.0 |
               +--------+--------+--------+--------+--------+-----+--------+

Top non-repeatable levels by time:
     D:1: 1150 daAuts
     D:2: 405 daAuts
     D:4: 218 daAuts
